 Dungeon Crawl Stone Soup version 0.19.0-16-g73b5abf (webtiles) character file.

32 Chiseanne the Magician (level 3, -4/24 HPs)
             Began as a Demonspawn Wizard on Nov 10, 2016.
             Slain by a gnoll
             ... wielding a +0 flail
              (6 damage)
             ... on level 1 of the Dungeon.
             The game lasted 00:01:25 (1281 turns).

Chiseanne the Magician (Demonspawn Wizard)          Turns: 1281, Time: 00:01:25

Health: -4/24      AC:  2    Str:  7    XL:     3   Next: 8%
Magic:  8/8        EV: 12    Int: 20    God:
Gold:   72         SH:  0    Dex: 11    Spells: 1 memorised, 8 levels left

rFire  . . .     SeeInvis .     e - +0 dagger
rCold  . . .     Gourm    .     a - +0 robe
rNeg   . . .     Faith    .     (no shield)
rPois  .         Spirit   .     b - +0 hat
rElec  .         Reflect  .     (no cloak)
rCorr  .         Harm     .     (no gloves)
MR     .....                    (no boots)
Stlth  ++........               (no amulet)
                                (no ring)
                                (no ring)

@: no status effects
A: talons 1, powered by pain 1
a: no special abilities


You were on level 1 of the Dungeon.
You were hungry.

You visited 1 branch of the dungeon, and saw 1 of its levels.

You collected 72 gold pieces.

Inventory:

Hand Weapons
 e - a +0 dagger (weapon)
Missiles
 k - 26 sling bullets
Armour
 a - a +0 robe (worn)
 b - a +0 hat (worn)
Jewellery
 m - a +4 ring of evasion {unknown}
Scrolls
 f - 2 scrolls of remove curse {unknown}
 h - a scroll of magic mapping {unknown}
 l - a scroll of amnesia {unknown}
 n - a scroll of noise {unknown}
Potions
 g - a potion of lignification {unknown}
 j - a potion of haste {unknown}
Books
 c - a book of Minor Magic

   Spells                             Type                      Level
   a - Magic Dart                     Conjuration                  1
   b - Blink                          Translocation                2
   c - Call Imp                       Summoning                    2
   d - Repel Missiles                 Charms/Air                   2
   e - Slow                           Hexes                        2
   f - Conjure Flame                  Conjuration/Fire             3
   g - Mephitic Cloud                 Conjuration/Poison/Air       3
Comestibles
 d - 3 bread rations
 i - 3 beef jerkies


   Skills:
 - Level 1.7 Dodging
 - Level 1.7 Stealth
 * Level 3.5 Spellcasting
 * Level 2.2 Conjurations
   Level 1.0 Summonings
   Level 0.8 Translocations


You had 8 spell levels left.
You knew the following spells:

 Your Spells              Type           Power        Failure   Level  Hunger
a - Magic Dart            Conj           ##..         6%          1    None


Dungeon Overview and Level Annotations

Branches:
Dungeon (1/15)

Altars:


Innate Abilities, Weirdness & Mutations

You have sharp toenails.
You sometimes gain a little power by taking damage.


Message History

You barely miss the gnoll.
The gnoll is severely wounded.
The gnoll hits you with a flail.
You closely miss the gnoll. You claw the gnoll, but do no damage.
The gnoll is severely wounded.
You hit the gnoll but do no damage. You claw the gnoll, but do no damage.
The gnoll is severely wounded.
The gnoll hits you with a flail!
You hit the gnoll. Your kick misses the gnoll.
The gnoll is almost dead.
The gnoll hits you with a flail!
* * * LOW HITPOINT WARNING * * *
You focus on the pain.
You feel your power returning.
You hit the gnoll.
The gnoll is almost dead.
The gnoll misses you.
You barely miss the gnoll.
The gnoll is almost dead.
The gnoll hits you with a flail.
You die...

............#.#
.#.........####
.......#..##
#..........#
##......##.#
##.......#.#
##.........##
##....##....########
......###......(@g.#
......#
##).............
#######
#...####.....). #
##### ##..... #
#.... # .... # ... #
..


You could see a gnoll.

Vanquished Creatures
  A leopard gecko (D:1)
  5 bats (D:1)
  2 giant cockroaches (D:1)
  3 goblins (D:1)
  A hobgoblin (D:1)
  4 jackals (D:1)
  5 kobolds (D:1)
  A ball python (D:1)
  2 frilled lizards (D:1)
  4 rats (D:1)
28 creatures vanquished.

Notes
Turn   | Place    | Note
-------+----------+-------------------------------------------
     0 | D:1      | Chiseanne the Demonspawn Wizard began the quest for the Orb.
     0 | D:1      | Reached XP level 1. HP: 13/13 MP: 4/4
   325 | D:1      | Gained mutation: You sometimes gain a little power by taking damage. [demonic ancestry]
   325 | D:1      | Reached XP level 2. HP: 19/19 MP: 1/6
  1159 | D:1      | Gained mutation: You have sharp toenails. [demonic ancestry]
  1159 | D:1      | Reached XP level 3. HP: 24/24 MP: 6/8
  1281 | D:1      | Slain by a gnoll

Skill      XL: |  1  2 |
---------------+-------+-----
Conjurations   | 2 |  2.2
Dodging        | |  1.7
Stealth        | |  1.7
Spellcasting   | |  3.5
Summonings     | |  1.0
Translocations | |  0.8

Action                   || total
-------------------------++-------
Melee: Unarmed           ||     2
       Dagger            ||    18
       Kick              ||     2
 Cast: Magic Dart        ||    49
Dodge: Dodged            ||    23
